 Dungeon Crawl Stone Soup version 0.29.1-15-g9cfb28693d (webtiles) character file.

Game seed: 6816994016225872284

2482 BuddhaDhamma the Severer (level 9, -6/70 HPs)
             Began as a Minotaur Berserker on Mar 22, 2023.
             Was a Priest of Trog.
             Mangled by a gnoll
             ... wielding a +0 halberd
              (7 damage)
             ... on level 6 of the Dungeon.
             The game lasted 00:08:38 (6037 turns).

BuddhaDhamma the Severer (Minotaur Berserker)       Turns: 6037, Time: 00:08:39

Health: -6/70      AC: 10    Str: 27    XL:     9   Next: 27%
Magic:  0/8        EV:  9    Int: 11    God:    Trog [***...]
Gold:   439        SH:  0    Dex:  9    Spells: 8/8 levels left

rFire   . . .      SeeInvis .   z - +1 war axe
rCold   . . .      Faith    .   (no shield)
rNeg    . . .      Spirit   +   x - +0 chain mail of the Skies Above {Int+7}
rPois   .          Reflect  .   (helmet restricted)
rElec   .          Harm     .   (no cloak)
rCorr   +          Rampage  .   y - +1 pair of gloves
Will    .....                   (no boots)
Stlth   ..........              b - amulet of guardian spirit
HPRegen 0.21/turn               l - ring of resist corrosion
MPRegen 0.11/turn               (no ring)

@: on berserk cooldown, slowed, very slow
A: horns 2, retaliatory headbutt
a: Renounce Religion, Berserk, Trog's Hand


You were on level 6 of the Dungeon.
You worshipped Trog.
Trog was most pleased with you.
You visited 1 branch of the dungeon, and saw 6 of its levels.

You collected 439 gold pieces.

Inventory:

Hand Weapons
 z - a +1 war axe (weapon)
Missiles
 k - 11 poisoned darts (quivered)
Armour
 x - the +0 chain mail of the Skies Above (worn) {Int+7}
   (You found it on level 3 of the Dungeon)

   Int:       It affects your intelligence (+7).
 y - a +1 pair of gloves (worn)
Jewellery
 b - an amulet of guardian spirit (around neck)
 l - a ring of resist corrosion (left hand)
Wands
 d - a wand of mindburst (2)
Scrolls
 a - a scroll of noise
 e - 3 scrolls of teleportation
 f - 3 scrolls of enchant armour
 o - a scroll of blinking
 s - a scroll of vulnerability
Potions
 c - 2 potions of magic
 h - a potion of flight
 j - 2 potions of heal wounds
 m - a potion of mutation
 n - 2 potions of cancellation
 q - 2 potions of curing
 r - a potion of berserk rage
 v - a potion of lignification
 w - a potion of brilliance {unknown}


   Skills:
 - Level 3.6 Fighting
 + Level 15.1 Axes
 - Level 2.4 Armour
 - Level 2.1 Dodging


You had 8 spell levels left.
You didn't know any spells.
Your spell library was empty.

Dungeon Overview and Level Annotations

Branches:
Dungeon (6/15)
 Temple: D:4-7

Altars:
Ashenzari
Cheibriados
Hepliaklqana
Nemelex Xobeh
Ru
Uskayaw
Zin

Shops:
D:1 :   D:6 :

Annotations:
D:5 1 runed translucent door


Innate Abilities, Weirdness & Mutations

You have a pair of horns on your head.
You reflexively headbutt those who attack you in melee.


Message History

You barely miss the hound.
The hound is almost dead.
You barely miss the gnoll sergeant. You slash the gnoll!
The hound barely misses you. The gnoll hits you with a +0 flail.
The gnoll hits you from afar with a +0 halberd.
* * * LOW HITPOINT WARNING * * *
The gnoll sergeant hits you but does no damage.
The hound bites you but does no damage.
You barely miss the hound.
The hound is almost dead.
You completely miss the gnoll sergeant. You closely miss the gnoll.
The gnoll is no longer moving quickly.
The gnoll sergeant is no longer moving quickly.
The gnoll hits you but does no damage. x2; The hound bites you.
* * * LOW HITPOINT WARNING * * *
The gnoll sergeant hits you with a +0 spear!
* * * LOW HITPOINT WARNING * * *
The gnoll hits you but does no damage.
The gnoll hits you from afar with a +0 halberd.
* * * LOW HITPOINT WARNING * * *
You hit the gnoll sergeant. You headbutt the gnoll sergeant.
The gnoll sergeant is almost dead.
You hit the gnoll. You slash the hound!
You kill the hound!
Trog accepts your kill.
The gnoll sergeant hits you but does no damage.
The gnoll hits you with a +0 flail.
* * * LOW HITPOINT WARNING * * *
The gnoll hits you from afar with a +0 halberd.
* * * LOW HITPOINT WARNING * * *
You hit the gnoll sergeant but do no damage.
The gnoll sergeant is almost dead.
You hit the gnoll.
You kill the gnoll!
Trog accepts your kill.
You slash the hound! The hound completely misses you.
The gnoll sergeant completely misses you.
The hound bites you but does no damage.
The gnoll hits you from afar with a +0 halberd!
You die...

#### #######..###
##..##<.....############
#.........####..........
...........#.#.#.......
.............).....#
........#.....#...##
.......##.....#g@##
.#.........>...)h#
###.#..##......).g# #
..##.#......##....g.
###.##.......####......
..#......#..## ......
..##........## ......
#..##).....h.# ......
'...))...## .....


You could see a gnoll sergeant, a hound and a gnoll.

Vanquished Creatures
  The ghost of Seidenschwarz the Chopper, a novice MiFi of Okawaru (D:5)
  Sigmund (D:6)
  Menkaure (D:6)
  6 ice beasts
  2 ogres (D:5)
  4 centaurs
  2 phantoms
  A gnoll sergeant (D:6)
  A necrophage (D:5)
  A scorpion (D:5)
  4 hounds
  A gnoll bouda (D:6)
  An iron imp (D:3)
  An iguana (D:6)
  3 orc wizards
  5 adders
  11 gnolls (D:6)
  4 worms
  4 dart slugs
  12 orcs
  4 endoplasms (D:3)
  6 giant cockroaches
  5 hobgoblins
  2 jackals (D:3)
  6 quokkas
  9 ball pythons
  8 bats
  5 frilled lizards
  10 goblins
  3 kobolds
  5 rats
129 creatures vanquished.

Notes
Turn   | Place    | Note
-------+----------+-------------------------------------------
     0 | D:1      | BuddhaDhamma the Minotaur Berserker began the quest for the
                  | Orb.
     0 | D:1      | Reached XP level 1. HP: 19/19 MP: 0/0
    54 | D:1      | Reached skill level 4 in Axes
   423 | D:1      | Found Qyhom's Book Shop.
   497 | D:1      | Reached XP level 2. HP: 26/26 MP: 1/1
  1417 | D:2      | Reached skill level 5 in Axes
  1417 | D:2      | Reached XP level 3. HP: 31/31 MP: 2/2
  1563 | D:2      | Found a faded altar of an unknown god.
  2308 | D:3      | Reached ** piety under Trog
  2433 | D:3      | Reached skill level 6 in Axes
  2433 | D:3      | Reached XP level 4. HP: 37/39 MP: 3/3
  2640 | D:3      | Identified the +0 chain mail of the Skies Above {Int+7}
  2879 | D:3      | Found a snail-covered altar of Cheibriados.
  2889 | D:3      | Reached skill level 7 in Axes
  2889 | D:3      | Reached XP level 5. HP: 36/45 MP: 2/4
  3144 | D:4      | Found a glowing silver altar of Zin.
  3144 | D:4      | Found a sacrificial altar of Ru.
  3306 | D:4      | Found a sparkling altar of Nemelex Xobeh.
  3306 | D:4      | Found a hide-covered altar of Uskayaw.
  3307 | D:4      | Found a hazy altar of Hepliaklqana.
  3390 | D:4      | Found a broken altar of Ashenzari.
  3852 | D:5      | Entered Level 5 of the Dungeon
  3880 | D:5      | Noticed an ogre
  3884 | D:5      | Killed an ogre
  3885 | D:5      | Reached skill level 8 in Axes
  3885 | D:5      | Reached XP level 6. HP: 50/51 MP: 2/5
  4140 | D:5      | Found a runed translucent door.
  4143 | D:5      | Noticed an ice beast
  4152 | D:5      | Reached skill level 9 in Axes
  4155 | D:5      | Killed an ice beast
  4156 | D:5      | Reached XP level 7. HP: 26/57 MP: 2/6
  4321 | D:5      | Noticed Seidenschwarz's ghost (novice MiFi)
  4515 | D:5      | Reached *** piety under Trog
  4516 | D:5      | Reached skill level 10 in Axes
  4531 | D:5      | Reached skill level 11 in Axes
  4671 | D:5      | Reached XP level 8. HP: 53/64 MP: 5/7
  4741 | D:5      | Reached skill level 12 in Axes
  4823 | D:5      | Found a runed translucent door.
  4942 | D:5      | Killed Seidenschwarz's ghost
  4943 | D:5      | Reached skill level 13 in Axes
  5441 | D:6      | Identified the +7 quarterstaff "Z" {freeze, +Blink rC+}
  5451 | D:6      | Noticed Sigmund
  5460 | D:6      | Killed Sigmund
  5461 | D:6      | Reached skill level 14 in Axes
  5461 | D:6      | Reached XP level 9. HP: 70/70 MP: 8/8
  5502 | D:6      | Found Dolar's Tremendous Tomes.
  5547 | D:6      | Noticed Menkaure
  5559 | D:6      | Killed Menkaure
  6020 | D:6      | Reached skill level 15 in Axes
  6036 | D:6      | HP: 1/70 [gnoll/+0 halberd (4)]
  6037 | D:6      | Mangled by a gnoll

Illustrated notes

Levels and vault maps discovered:
D:1:      dpeg_arrival_round_c, layout_loops_corners, serial_shops, shop
D:2:      layout_rooms, serial_aquarium, aquarium_bridge_long_joined
          [aquarium_subvault_wall, aquarium_subvault_bridge,
          aquarium_subvault_bridge, aquarium_subvault_bridge,
          aquarium_subvault_window, aquarium_subvault_window],
          aquarium_bridge_square [aquarium_subvault_bridge,
          aquarium_subvault_bridge, aquarium_subvault_bridge,
          aquarium_subvault_balcony], aquarium_window_fake,
          aquarium_window_corner, aquarium_window_double, aquarium_window_1,
          aquarium_view_2e, aquarium_pool_corner,
          hellmonk_ecumenical_altar_blasted
D:3:      minmay_razor_zed, layout_loops_ring, slow_altar_2,
          dreamdust_princess_corridor, chequers_jeans
D:4:      layout_loops_ring, kennysheep_little_box,
          gammafunk_temple_overflow_claw, nicolae_overflow_squiral,
          nrook_campfire, eino_tiny_chamber
D:5:      cheibrodos_quashed, layout_rooms, ebering_ghost_sewer_f
D:6:      layout_cave_pools, mainiacjoe_overflow_24_doors,
          lemuel_temple_firewalk_a, serial_shops, nicolae_diamond_shop,
          serial_gnoll_camp, gnoll_camp_mini_hut, gnoll_camp_mini_shop,
          gnoll_camp_mini_loothouse, gnoll_camp_huts_basic, gnoll_camp_mini_hut,
          minivault_26, nicolae_shop_i_like_big_books, uniq_sigmund,
          uniq_menkaure

Skill      XL: |  1  2  3  4  5  6  7  8  9 |
---------------+----------------------------+-----
Axes           | 4 5 6 7 8 9 11 14 15 | 15.1
Fighting       | |  3.6
Armour         | |  2.4
Dodging        | |  2.1

Action                   |  1- 3 |  4- 6 |  7- 9 || total
-------------------------+-------+-------+-------++-------
Melee: Hand axe          |   113 |    37 |       ||   150
       Headbutt          |    13 |     7 |    22 ||    42
       War axe           |       |    28 |   151 ||   179
       Punch             |       |       |     1 ||     1
Invok: Berserk           |       |     1 |     6 ||     7
  Use: Scroll            |       |    17 |     3 ||    20
Armor: Ring mail         |    16 |       |       ||    16
       Animal skin       |     1 |       |       ||     1
       Scale mail        |    20 |     1 |       ||    21
       Chain mail        |       |    38 |    65 ||   103
Dodge: Dodged            |    73 |    25 |    62 ||   160
